 Dungeon Crawl Stone Soup version 0.22-a0-253-gf9d0ce56dd (webtiles) character file.

2139 Manul the Covert (level 9, -12/60 HPs)
             Began as an Octopode Assassin on Mar 3, 2018.
             Was an Initiate of Gozag.
             Mangled by an orc wizard
             ... wielding a +1 dagger of electrocution
              (14 damage)
             ... in the Ecumenical Temple.
             The game lasted 00:09:57 (8972 turns).

Manul the Covert (Octopode Assassin)                Turns: 8972, Time: 00:09:58

Health: -12/60     AC:  2    Str: 10    XL:     9   Next: 30%
Magic:  9/9        EV: 15    Int: 13    God:    Gozag
Gold:   230        SH:  5    Dex: 22    Spells: 8/8 levels left

rFire    . . .     SeeInvis +   a - +5 rapier "Worm's Wrath" {venom, Str+2 Dex+4 SInv}
rCold    + . .     Gourm    .   m - +0 buckler
rNeg     . . .     Faith    .   (helmet restricted)
rPois    .         Spirit   .   (no amulet)
rElec    .         Reflect  .   n - +3 ring of dexterity
rCorr    .         Harm     .   (no ring)
MR       .....                  (no ring)
Stlth    ++++++....             (no ring)
HPRegen  0.20/turn              (no ring)
MPRegen  0.11/turn              (no ring)
                                (no ring)
                                (no ring)

@: gold aura, flying, very slightly contaminated, invisible
A: almost no armour, stealthy swim, amphibious, 8 rings, constrict 8, camouflage
1, clumsy 1, cold resistance 1, shaggy fur 1, weak 1, gelatinous body 1
a: Potion Petition, Call Merchant, Bribe Branch, Renounce Religion


You were in the Ecumenical Temple.
You worshipped Gozag.
Gozag was aware of your devotion.
You were hungry.

You visited 2 branches of the dungeon, and saw 8 of its levels.

You collected 356 gold pieces.
You paid 126 gold pieces to Gozag.

Inventory:

Hand Weapons
 a - the +5 rapier "Worm's Wrath" (weapon) {venom, Str+2 Dex+4 SInv}
   (You found it on level 6 of the Dungeon)

   It poisons the flesh of those it strikes.
   It affects your strength (+2).
   It affects your dexterity (+4).
   It lets you see invisible.
 b - a +1 blowgun
 e - a cursed -1 falchion
 g - a +1 dagger of venom
 l - a cursed -2 short sword
 y - a +1 short sword of speed
Missiles
 c - 8 poisoned needles
 t - a curare-tipped needle
Armour
 m - a +0 buckler (worn)
Jewellery
 n - a +3 ring of dexterity (left tentacle)
Wands
 q - a wand of digging (12)
 z - a wand of flame (41)
 B - a wand of iceblast (7)
Scrolls
 p - a scroll of immolation {unknown}
 r - a scroll of fear {unknown}
 s - a scroll of blinking
 v - 2 scrolls of remove curse
 w - 4 scrolls of identify
 x - a scroll of teleportation
Potions
 d - 5 potions of flight
 h - a potion of curing
 j - 2 potions of heal wounds
 k - a potion of brilliance
 o - a potion of cancellation
 C - a potion of ambrosia {unknown}
Comestibles
 f - 8 rations


   Skills:
 + Level 4.8 Fighting
 + Level 6.8 Short Blades
 - Level 3.2 Throwing
 + Level 3.5 Dodging
 + Level 11.8 Stealth
 + Level 1.3 Shields


You had 8 spell levels left.
You didn't know any spells.

Dungeon Overview and Level Annotations

Branches:
Dungeon (7/15)             Temple (1/1) D:7

Altars:
Ashenzari
Cheibriados
Dithmenos
Elyvilon
Fedhas
Gozag
Hepliaklqana
Kikubaaqudgha
Nemelex Xobeh
Qazlal
Ru
Sif Muna
Trog
Uskayaw
Vehumet
Wu Jian
Xom
Yredelemnul
Zin
The Shining One

Shops:
D:4 *   D:5 (

Annotations:
D:5 1 runed door
Temple Joseph


Innate Abilities, Weirdness & Mutations

You cannot wear most types of armour.
You are very stealthy in the water. (Stealth+)
You are amphibious.
You can wear up to eight rings at the same time.
You can use your tentacles to constrict eight enemies at once.
Your skin changes colour to match your surroundings (Stealth+).
Your rubbery body absorbs attacks. (AC +1, EV +1)
You are clumsy. (Dex -2)
Your flesh is cold resistant. (rC+)
You are covered in fur. (AC +1)
You are weak. (Str -2)


Message History

The sling bullet closely misses you. The orc wizard barely misses you.
Okay, then.
Unknown command.
Press < or > to pray at altars.
You are too injured to fight recklessly!
You are too injured to fight recklessly!
You closely miss the orc wizard. Your grab misses the orc wizard.
The leopard gecko bites you but does no damage.
The orc wizard closely misses you.
You puncture the orc wizard!
You kill the orc wizard!
Joseph shoots a sling bullet.
The sling bullet hits you!!
* * * LOW HITPOINT WARNING * * *
The leopard gecko bites you.
* * * LOW HITPOINT WARNING * * *
The orc wizard hits you with a dagger of electrocution.
* * * LOW HITPOINT WARNING * * *
You are electrocuted!
You die...
Your body crumbles into a pile of gold.

#..≈≈≈...≈≈≈..#
#_..≈.....≈.._#
#......<......#
#_..≈.....≈.._#
#..≈≈≈...≈≈≈..#
#_...≈≈@≈≈..._#
##...≈...≈...##
##_.o$.(.._##
##.@l8._.##
#########


You could see Joseph, an orc wizard (invisible) and a leopard gecko.

Vanquished Creatures
  A water moccasin (D:7)
  2 ice beasts
  2 sky beasts
  6 ogres
  A centaur (D:6)
  3 bullfrogs (D:6)
  2 scorpions
  A water moccasin skeleton (D:6)
  2 howler monkeys
  A jelly (D:5)
  A bullfrog zombie (D:7)
  8 hounds
  An iguana (D:4)
  A centaur skeleton (D:4)
  2 orc wizards
  A worker ant (D:5)
  A hound zombie (D:7)
  9 adders
  3 gnolls
  3 oozes
  An adder skeleton (D:4)
  An adder zombie (D:5)
  4 worms
  A dart slug (D:2)
  3 leopard geckos (D:1)
  15 orcs
  4 giant cockroaches
  7 goblins
  9 hobgoblins
  7 jackals
  2 quokkas
  2 ball pythons
  10 bats
  4 frilled lizards
  5 kobolds
  5 rats
131 creatures vanquished.

Notes
Turn   | Place    | Note
-------+----------+-------------------------------------------
     0 | D:1      | Manul the Octopode Assassin began the quest for the Orb.
     0 | D:1      | Reached XP level 1. HP: 14/14 MP: 1/1
   121 | D:1      | Reached XP level 2. HP: 19/19 MP: 2/2
   153 | D:1      | Reached skill level 6 in Stealth
   687 | D:1      | Reached XP level 3. HP: 24/24 MP: 3/3
  1464 | D:2      | Noticed a scorpion
  1470 | D:2      | Reached skill level 7 in Stealth
  1507 | D:2      | HP: 1/24 [poisoned by a scorpion]
  1927 | D:2      | Reached XP level 4. HP: 27/29 MP: 4/4
  3349 | D:1      | Reached XP level 5. HP: 18/35 MP: 5/5
  4303 | D:4      | Reached skill level 8 in Stealth
  4329 | D:3      | Reached XP level 6. HP: 18/41 MP: 6/6
  4671 | D:2      | Found a transporter.
  4675 | D:2      | Found a transporter.
  4686 | D:2      | Found a deep blue altar of Sif Muna.
  5139 | D:4      | Found Zin's Purification Station.
  5151 | D:4      | Found a glowing silver altar of Zin.
  5391 | D:4      | Reached XP level 7. HP: 40/46 MP: 7/7
  5437 | D:5      | Entered Level 5 of the Dungeon
  5437 | D:5      | Found Jatod's Weapon Shop.
  5454 | D:5      | Reached skill level 9 in Stealth
  5939 | D:5      | Found a shattered altar of Ashenzari.
  6122 | D:5      | Gained mutation: You are covered in fur. (AC +1) [potion of mutation]
  6122 | D:5      | Gained mutation: You are clumsy. (Dex -2) [potion of mutation]
  6122 | D:5      | Gained mutation: You are weak. (Str -2) [potion of mutation]
  6122 | D:5      | Gained mutation: Your flesh is cold resistant. (rC+) [potion of mutation]
  6594 | D:5      | Reached XP level 8. HP: 54/54 MP: 8/8
  6622 | D:5      | Reached skill level 5 in Short Blades
  6714 | D:5      | Found a runed door.
  7218 | D:6      | Reached skill level 10 in Stealth
  7522 | D:6      | Found a sparkling altar of Nemelex Xobeh.
  7529 | D:6      | Got a crude rapier
  7530 | D:6      | Identified the +5 rapier "Worm's Wrath" {venom, Str+2 Dex+4 SInv} (You found it on level 6 of the Dungeon)
  7964 | D:6      | Reached skill level 11 in Stealth
  7981 | D:6      | Found an ancient bone altar of Kikubaaqudgha.
  8118 | D:6      | Reached skill level 1 in Shields
  8118 | D:6      | Reached XP level 9. HP: 59/59 MP: 9/9
  8389 | D:7      | Noticed a hellwing
  8391 | D:7      | Noticed a hellwing
  8947 | D:7      | Found a staircase to the Ecumenical Temple.
  8951 | D:7      | Noticed Joseph
  8960 | Temple   | Entered the Ecumenical Temple
  8968 | Temple   | Became a worshipper of Gozag Ym Sagoz the Greedy
  8972 | Temple   | HP: 2/60 [orc wizard/dagger of electrocution (4)]
  8972 | Temple   | Mangled by an orc wizard

Vault maps used:
D:1:      onia_arrival_mini_maze_b, serial_co_window_serial,
          co_window_of_opportunity_a, co_window_paths_a,
          co_window_of_opportunity_a, co_window_paths_b,
          co_window_of_opportunity_a, co_window_corner_a, co_window_corner_a,
          co_window_of_opportunity_b, co_window_corner_b, co_window_paths_c,
          co_window_unsneaky_path_b, glass_columns_c, glass_columns_b,
          grunt_decor_arrowhead
D:2:      wad_crossroads, gammafunk_temple_overflow_arena, first_ration
D:4:      zin_purify
D:5:      lemuel_round_altar, serial_shops, shop, mrwooster_statue_mirror,
          uniq_crazy_yiuf_cottage
D:6:      nicolae_overflow_crystal_walls, nicolae_overflow_hidden_temple
D:7:      cheibrodos_grave_circle, minmay_temple_entry_statues_fountains,
          minivault_27, uniq_joseph
Temple:   nicolae_temple_no_exploring_needed

Skill      XL: |  1  2  3  4  5  6  7  8 |
---------------+-------------------------+-----
Stealth        | 6 7 8 9 11 | 11.8
Short Blades   | 3 4 6 |  6.8
Fighting       | 3 4 |  4.8
Dodging        | 2 3 |  3.5
Throwing       | 3 |  3.2
Shields        | 1 |  1.3

Action                   |  1- 3 |  4- 6 |  7- 9 || total
-------------------------+-------+-------+-------++-------
Melee: Dagger            |    50 |   158 |    68 ||   276
       Constrict         |     8 |    32 |    20 ||    60
       Tentacles         |    10 |    39 |    27 ||    76
       Rapier            |       |       |    57 ||    57
 Fire: Blowgun           |       |       |     9 ||     9
  Use: Scroll            |     2 |     2 |     4 ||     8
       Potion            |       |     6 |     5 ||    11
 Stab: Sleeping          |    23 |    14 |    15 ||    52
       Distracted        |       |       |     1 ||     1
  Eat: Chunk             |     3 |    11 |     7 ||    21
       Ration            |       |       |     1 ||     1
Armor: Skin              |     2 |    16 |     5 ||    23
Dodge: Dodged            |    18 |    92 |    87 ||   197
Block: Buckler           |       |       |    23 ||    23

Table legend:
 A = Spawn XP
 B = Non-spawn XP
 C = Spawn XP percentage of total XP
 D = Spawn monster count
 E = Non-spawn monster count
 F = Spawn count percentage of total count
 G = Total turns spent on level
                    A         B        C        D         E        F      G
               +---------+---------+-------+---------+---------+-------+---------
         Total |       0 |    3057 |   0.0 |       0 |     131 |   0.0 |  8972
               +---------+---------+-------+---------+---------+-------+---------
           D:1 |       0 |     116 |   0.0 |       0 |      22 |   0.0 |  1632
           D:2 |       0 |      67 |   0.0 |       0 |      23 |   0.0 |  1423
           D:3 |       0 |      56 |   0.0 |       0 |      20 |   0.0 |  1753
           D:4 |       0 |     405 |   0.0 |       0 |      23 |   0.0 |   878
           D:5 |       0 |     581 |   0.0 |       0 |      17 |   0.0 |  1530
           D:6 |       0 |    1318 |   0.0 |       0 |      15 |   0.0 |  1415
           D:7 |       0 |     502 |   0.0 |       0 |      10 |   0.0 |   329
        Temple |       0 |      12 |   0.0 |       0 |       1 |   0.0 |    12
               +---------+---------+-------+---------+---------+-------+---------
